 Dungeon Crawl Stone Soup version 0.30.1-11-g7821555f0a (webtiles) character file.

Game seed: 227087277692858873

471 KittyFluff the Cudgeller (level 7, 0/66 HPs)
             Began as a Gargoyle Berserker on Oct 30, 2023.
             Was a Believer of Trog.
             Slain by Eustachio
             ... wielding a +0 falchion
              (4 damage)
             ... on level 4 of the Dungeon.
             The game lasted 00:11:03 (3132 turns).

KittyFluff the Cudgeller (Gargoyle Berserker)       Turns: 3132, Time: 00:11:03

Health: 0/66       AC:  8    Str: 22    XL:     7   Next: 9%
Magic:  7/7        EV: 12    Int:  8    God:    Trog [**....]
Gold:   346        SH:  0    Dex:  9    Spells: 6/6 levels left

rFire   . . .        a - +0 mace
rCold   . . .        (no shield)
rNeg    + . .        q - +0 leather armour
rPois   ∞            (no helmet)
rElec   +            (no cloak)
rCorr   .            (no gloves)
SInv    .            (no boots)
Will    .....        (no amulet) Stlth
                     (no ring)
HPRegen 0.31/turn    (no ring)
MPRegen 0.10/turn

%: no passive effects
@: berserking, very quick
A: sickness immunity, AC +4, negative energy resistance 1, electricity
resistance, torment resistance 1, petrification resistance
a: Renounce Religion, Berserk, Trog's Hand


You were on level 4 of the Dungeon.
You worshipped Trog.
Trog was pleased with you.
You visited 1 branch of the dungeon, and saw 4 of its levels.
You also visited: Ossuary.

You collected 346 gold pieces.

Inventory:

Hand Weapons
 a - a +0 mace (weapon)
Missiles
 o - 2 poisoned darts (quivered)
Armour
 b - the +0 robe of Ehef {rN+ Dex+4 Stlth-}
   (You found it on level 4 of the Dungeon)

   Dex:       It affects your dexterity (+4).
   rN:        It protects you from negative energy.
   Stlth:     It makes you less stealthy.
 q - a +0 leather armour (worn)
Wands
 r - a wand of charming (8)
Scrolls
 c - a scroll of immolation {unknown}
 d - a scroll of teleportation
 h - 2 scrolls of amnesia {unknown}
 i - a scroll of silence
 m - 2 scrolls of fog
 n - a scroll of blinking
Potions
 e - 2 potions of flight
 f - 2 potions of curing {unknown}
 j - 3 potions of attraction
 k - 2 potions of heal wounds
 l - a potion of resistance {unknown}
 p - a potion of cancellation {unknown}
 s - 2 potions of invisibility {unknown}
 t - 2 potions of lignification {unknown}
 u - a potion of might {unknown}
 v - a potion of haste {unknown}
 x - a potion of mutation {unknown}


   Skills:
 + Level 4.5 Fighting
 * Level 5.1 Maces & Flails
 * Level 4.9 Armour
 + Level 2.8 Dodging


You had 6 spell levels left.
You didn't know any spells.
Your spell library was empty.

Dungeon Overview and Level Annotations

Branches:
Dungeon (4/15)            Ossuary (visited)
 Temple: D:4-7

Altars:
Yredelemnul

Annotations:
D:4 Eustachio


Innate Abilities, Weirdness & Mutations

You are immune to sickness and miasma.
Your stone body is resilient. (AC +4)
You are immune to poison.
You resist negative energy. (rN+)
You are resistant to electric shocks. (rElec)
You are resistant to unholy torment.
You are immune to petrification.


Message History

Eustachio is moderately wounded.
Eustachio completely misses you.
You closely miss Eustachio.
Eustachio is moderately wounded.
Eustachio hits you with a +0 falchion.
You barely miss Eustachio.
Eustachio is moderately wounded.
Eustachio misses you.
Eustachio gestures wildly while chanting.
Eustachio blinks!
Eustachio growls, "To hell with you, honourless miscreant!"
You hit Eustachio.
Eustachio is moderately wounded.
Eustachio hits you with a +0 falchion.
You barely miss Eustachio.
Eustachio is moderately wounded.
Eustachio hits you with a +0 falchion.
You hit Eustachio but do no damage.
Eustachio is moderately wounded.
Eustachio hits you but does no damage.
You sock Eustachio!
Eustachio is heavily wounded.
Eustachio hits you with a +0 falchion.
* * * LOW HITPOINT WARNING * * *
You barely miss Eustachio.
Eustachio is heavily wounded.
Eustachio hits you with a +0 falchion.
* * * LOW HITPOINT WARNING * * *
You completely miss Eustachio.
Eustachio is heavily wounded.
Eustachio hits you with a +0 falchion.
* * * LOW HITPOINT WARNING * * *
A red film seems to cover your vision as you go berserk!
You feel yourself moving faster!
You feel mighty! Eustachio hits you with a +0 falchion.
* * * LOW HITPOINT WARNING * * *
You closely miss Eustachio.
Eustachio is heavily wounded.
Eustachio hits you with a +0 falchion.
You die...

# # #
...########### ..
...
......@@.....# .#
#..
...#########.#
.###.. #.......#
.....# #.#######
.###.# #######.#
## #.# #.......#
####.####.#######
>.........#
.##..######


You could see Eustachio.

Vanquished Creatures
  Sigmund (D:2)
  An elf skeleton (D:4)
  2 human zombies (D:4)
  An iguana (D:4)
  8 mummies (Ossuary)
  An adder (D:3)
  An ufetubus (D:4)
  6 dart slugs
  A bat (D:2)
  3 endoplasms
  A giant cockroach (D:4)
  2 gnoll zombies (Ossuary)
  4 goblins
  6 hobgoblins
  2 jackals (D:1)
  2 kobolds
  4 quokkas
  2 ball pythons (D:1)
  2 frilled lizards
  2 hobgoblin zombies (Ossuary)
  2 kobold zombies (Ossuary)
  3 orc skeletons (D:4)
  2 orc zombies (Ossuary)
  A rat (D:3)
60 creatures vanquished.

Notes
Turn   | Place    | Note
-------+----------+-------------------------------------------
     0 | D:1      | KittyFluff the Gargoyle Berserker began the quest for the
                  | Orb.
     0 | D:1      | Reached XP level 1. HP: 14/14 MP: 1/1
   198 | D:1      | Reached XP level 2. HP: 16/19 MP: 2/2
   801 | D:2      | Found a basalt altar of Yredelemnul.
   822 | D:2      | Noticed Sigmund
   838 | D:2      | Killed Sigmund
   839 | D:2      | Reached skill level 4 in Maces & Flails
   839 | D:2      | Reached XP level 3. HP: 17/24 MP: 3/3
   839 | D:2      | Reached XP level 4. HP: 21/29 MP: 4/4
   839 | D:2      | Reached XP level 5. HP: 24/33 MP: 5/5
   978 | D:2      | Reached ** piety under Trog
  2203 | D:4      | Reached XP level 6. HP: 13/38 MP: 6/6
  2304 | D:4      | Identified the +0 robe of Ehef {rN+ Dex+4 Stlth-}
  2352 | D:4      | Found a sand-covered staircase.
  2378 | Ossuary  | Entered an ossuary
  3052 | D:4      | Reached skill level 5 in Maces & Flails
  3052 | D:4      | Reached XP level 7. HP: 34/44 MP: 7/7
  3090 | D:4      | Reached *** piety under Trog
  3108 | D:4      | Noticed Eustachio
  3132 | D:4      | Slain by Eustachio

Illustrated notes

Levels and vault maps discovered:
D:1:      amcnicky_arrival_abandoned_market, layout_loops_ring,
          minmay_misc_feat_alley
D:2:      layout_rooms, basic_altar, minmay_cut_off, uniq_sigmund
D:3:      layout_basic
D:4:      layout_basic, nicolae_ossuary_entry_catacombs, uniq_pikel,
          uniq_blork_the_orc, uniq_menkaure, uniq_eustachio

Skill      XL: |  1  2  3  4  5  6 |
---------------+-------------------+-----
Fighting       | 4 |  4.5
Maces & Flails | 4 5 |  5.1
Armour         | 3 4 |  4.9
Dodging        | 2 |  2.8

Action                     |  1- 3 |  4- 6 |  7- 9 || total
---------------------------+-------+-------+-------++-------
  Melee: Mace              |    55 |   196 |    37 ||   288
         Punch             |       |     2 |       ||     2
 Invoke: Berserk           |       |     1 |     1 ||     2
    Use: Scroll            |     4 |     5 |       ||     9
   Stab: Sleeping          |     1 |       |       ||     1
 Armour: Animal skin       |    13 |    18 |       ||    31
         Leather armour    |       |    24 |     6 ||    30
  Dodge: Dodged            |    36 |   109 |    20 ||   165
